Unix NetHack Version 5.0.0-0 post-release - last build May 17 2026 04:57:42 (dc50c8380fa5e20985bfe3072449f57b8d9895ef,branch:main).

Game began 2026-05-13 16:53:24, ended 2026-05-20 13:36:15.

BilldaCat, neutral male human Wizard

                               ---
                              --.|.
                              |.....
                              --......---
                               --.......--
                           .----..........|
                          ...-|.@......--.|
        --- --.       |.......|)--....-----
       --.--....   ----....--...||...-
       |.))...%.. ......|.--|G..| -..|
       --.))........-----    --.|  ---
        -.[..|......-         |*|
         .%.-- |....           .
         ....   --.
        ....

BilldaCat the Conjurer    St:12 Dx:13 Co:13 In:16 Wi:9 Ch:12  Neutral
Dlvl:3  $:4  HP:0(22) Pw:12(30) AC:9  Xp:3 T:425 

Latest messages:
 You are in full health.
 You hear someone cursing shoplifters.
 You descend the stairs.
 There is a branch staircase up to the Dungeons of Doom here.
 You see here a dagger.
 A dagger misses you.
 You are hit by a dagger.
 In what direction? 6
 The spell hits it!
 You kill it!
 Welcome to experience level 2.
 What do you want to zap? [c or ?*] ?
 A lit field surrounds you!
 The dwarf puts on a hooded cloak.
 The dwarf throws a stout spear!
 You are almost hit by a stout spear.
 In what direction? 2
 The spell misses the dwarf.
 In what direction? 2
 The spell hits the dwarf!
 You kill the dwarf!
 Welcome to experience level 3.
 There are several objects here.
 You see here a dagger.
 You see here a gnome lord corpse.
 You miss the iguana.
 The iguana bites!
 You miss the iguana.
 The iguana bites!
 You miss the iguana.
 You hit the iguana!
 The iguana bites!
 In what direction? 3
 The spell misses the iguana.
 The iguana bites!
 You hit the iguana!
 The iguana bites!
 You kill the iguana!
 You hear a B flat squeak in the distance.
 The gnome lord shoots 3 crossbow bolts!
 You are hit by the 1st crossbow bolt.
 You are hit by the 2nd crossbow bolt.
 You are hit by the 3rd crossbow bolt.
 In what direction? 2
 The spell hits the gnome lord!
 The gnome lord shoots 2 crossbow bolts!
 You are hit by the 1st crossbow bolt.
 You are hit by the 2nd crossbow bolt!
 You die...
 Do you want your possessions identified? [ynq] (y) q

Inventory:
 Coins    ('$')
  $ - 4 gold pieces
 Weapons  (')')
  a - a blessed +1 quarterstaff (weapon in hands)
 Armor    ('[')
  b - an uncursed +0 cloak of magic resistance (being worn)
 Comestibles  ('%')
  t - 2 uncursed cram rations
  q - an uncursed cream pie
  o - an uncursed egg
 Scrolls  ('?')
  j - an uncursed scroll of confuse monster
  k - an uncursed scroll of identify
  i - an uncursed scroll of scare monster
  u - an uncursed scroll of teleportation
 Spellbooks  ('+')
  m - an uncursed spellbook of detect food
  l - a blessed spellbook of force bolt
 Potions  ('!')
  h - an uncursed potion of blindness
  p - a blessed potion of confusion
  g - an uncursed potion of enlightenment
  f - an uncursed potion of healing
 Rings    ('=')
  e - an uncursed ring of free action (on right hand)
  d - an uncursed ring of slow digestion (on left hand)
 Wands    ('/')
  c - a wand of light (0:10)
 Tools    ('(')
  s - a cursed can of grease (0:17)
  n - a magic marker (0:19)
  r - an uncursed tin whistle

BilldaCat the Wizard's attributes:

Background:
 You were a Conjurer, a level 3 male human Wizard.
 You were neutral, on a mission for Thoth
 who was opposed by Ptah (lawful) and Anhur (chaotic).
 You were right-handed.
 You were in the Gnomish Mines, on level 3.
 You entered the dungeon 425 turns ago.
 You had 46 experience points, 34 more were needed to attain level 4.

Basics:
 You had 0 out of 22 hit points.
 You had 12 out of 30 energy points (spell power).
 Your armor class was 9.
 Your wallet contained 4 zorkmids.
 Autopickup was on for '$"?!/=' plus thrown, with exceptions.

Final Characteristics:
 Your strength was 12 (limit:18/100).
 Your dexterity was 13 (limit:18).
 Your constitution was 13 (limit:18).
 Your intelligence was 16 (limit:18).
 Your wisdom was 9 (limit:18).
 Your charisma was 12 (limit:18).

Final Status:
 You weren't hungry.
 You were unencumbered.
 You were wielding a quarterstaff.
 You had basic skill with quarterstaff.

Final Attributes:
 You were fervently aligned.
 You were magic-protected.
 You had slower digestion.
 You were warded.
 You had free action.
 You are dead.

Miscellaneous:
 You didn't encounter any bones levels.
 Total elapsed playing time was 32 minutes and 12 seconds.

Major events:
 Turn
    1: BilldaCat the neutral male human Wizard entered the dungeon
  280: entered the Gnomish Mines
  351: attained the rank of Conjurer (level 3)
  425: killed by a crossbow bolt

Spells:
 Name                 Level Category     Fail Retention
 force bolt             1   attack         0%  91%-100%
 detect food            2   divination    59%  76%-100%

Skills:
 Fighting Skills
   bare handed combat [Unskilled]
   riding             [Unskilled]
 Weapon Skills
   dagger             [Unskilled]
   knife              [Unskilled]
   axe                [Unskilled]
   short sword        [Unskilled]
   club               [Unskilled]
   mace               [Unskilled]
   quarterstaff       [Basic]
   polearms           [Unskilled]
   spear              [Unskilled]
   trident            [Unskilled]
   sling              [Unskilled]
   dart               [Unskilled]
   shuriken           [Unskilled]
 Spellcasting Skills
   attack spells      [Basic]
   healing spells     [Unskilled]
   divination spells  [Unskilled]
   enchantment spells [Basic]
   clerical spells    [Unskilled]
   escape spells      [Unskilled]
   matter spells      [Unskilled]

Voluntary challenges:
 Character rerolling was not enabled.
 You went without food.
 You were an atheist.
 You were illiterate.
 You never genocided any monsters.
 You never polymorphed an object.
 You never changed form.
 You used no wishes.
Achievements:
 You entered a shop.
 You entered the Gnomish Mines.
 You attained the rank of Conjurer.

 The Dungeons of Doom: levels 1 to 2
    Level 1:
    Level 2:
       A food shop, a fountain.
       Stairs down to The Gnomish Mines.
 The Gnomish Mines:
    Level 3: <- You were here.
       Final resting place for
          you, killed by a crossbow bolt.


Vanquished creatures:
  a gnome leader
  a kitten
  2 dwarves
 an iguana
  a hobgoblin
  2 gnomes
  a jackal
  a fox
  a sewer rat
  a lichen
12 creatures vanquished.

No species were genocided or became extinct.

Game over:
                       ----------
                      /          \
                     /    REST    \
                    /      IN      \
                   /     PEACE      \
                  /                  \
                  |    BilldaCat     |
                  |       4 Au       |
                  |   killed by a    |
                  |  crossbow bolt   |
                  |                  |
                  |                  |
                  |       2026       |
                 *|     *  *  *      | *
        _________)/\\_//(\/(/\)/\//\/|_)_______

Goodbye BilldaCat the Wizard...

You died in The Gnomish Mines on dungeon level 3 with 288 points,
and 4 pieces of gold, after 425 moves.
You were level 3 with a maximum of 22 hit points when you died.

